 Dungeon Crawl Stone Soup version 0.27.0-1-g7a089689b8 (webtiles) character file.

Game seed: 934171080856578475

428880 dtburroughs the Severer (level 22, -3/209 HPs)
             Began as a Minotaur Berserker on Aug 5, 2021.
             Was a High Priest of Trog.
             Killed by an exploding stone giant (12 damage)
             ... ignited by their inner flame
             ... on level 5 of the Vaults.
             The game lasted 02:48:22 (58727 turns).

dtburroughs the Severer (Minotaur Berserker)       Turns: 58727, Time: 02:48:23

Health: -3/209     AC: 36    Str: 25    XL:     22   Next: 80%
Magic:  7/7        EV: 14    Int:  8    God:    Trog [*****.]
Gold:   3422       SH: 17    Dex: 16    Spells: 21/21 levels left

rFire    + + .     SeeInvis .   P - +8 broad axe (antimagic)
rCold    + . .     Faith    .   X - +3 buckler {rF+}
rNeg     . . .     Spirit   .   p - +0 gold dragon scales
rPois    +         Reflect  +   R - +2 hat
rElec    +         Harm     .   T - +2 cloak
rCorr    +         Rampage  .   f - +2 pair of gloves {Dex+3}
Will     ++++.                  G - +2 pair of boots
Stlth    ..........             s - amulet of reflection
HPRegen  1.44/turn              W - ring of Beauty {rElec rCorr Slay+4}
MPRegen  0.10/turn              E - ring of willpower

@: lethally poisoned (-3 -> -12), strong-willed, regenerating, studying Long
Blades
A: horns 2, retaliatory headbutt
}: 2/15 runes: decaying, gossamer
a: Renounce Religion, Berserk, Trog's Hand, Brothers in Arms


You were on level 5 of the Vaults.
You worshipped Trog.
Trog was extremely pleased with you.
You visited 7 branches of the dungeon, and saw 41 of its levels.
You also visited: Sewer.

You collected 5847 gold pieces.
You spent 2425 gold pieces at shops.

Inventory:

Hand Weapons
 w - a +0 broad axe of flaming
 P - a +8 antimagic broad axe (weapon)
Armour
 f - a +2 pair of gloves of dexterity (worn)
 p - +0 gold dragon scales (worn)
 F - a +5 plate armour of willpower
 G - a +2 pair of boots (worn)
 R - a +2 hat (worn)
 T - a +2 cloak (worn)
 X - a +3 buckler of fire resistance (worn)
Jewellery
 d - a ring of see invisible
 s - an amulet of reflection (around neck)
 A - a ring of flight
 C - the ring "Piteen" {rPois rC+ EV+4 Str+5}
   (You acquired it on level 11 of the Dungeon)

   [ring of evasion]

   EV:        It affects your evasion (+4).
   Str:       It affects your strength (+5).
   rC:        It protects you from cold.
   rPois:     It protects you from poison.
 E - a ring of willpower (right hand)
 W - the ring of Beauty (left hand) {rElec rCorr Slay+4}
   (You found it on level 4 of the Lair of Beasts)

   [ring of slaying]

   Slay:      It affects your accuracy & damage with ranged weapons and melee
   (+4).
   rElec:     It insulates you from electricity.
   rCorr:     It protects you from acid and corrosion.
Wands
 k - a wand of flame (72)
 B - a wand of charming (8)
 H - a wand of acid (3)
 I - a wand of digging (29)
 L - a wand of iceblast (7)
Scrolls
 b - 2 scrolls of silence
 h - 10 scrolls of blinking
 m - 20 scrolls of teleportation
 q - 2 scrolls of holy word
 r - 11 scrolls of magic mapping
 u - 12 scrolls of fog
 v - 7 scrolls of summoning
 Q - 3 scrolls of fear
 Y - 4 scrolls of immolation
Potions
 e - 8 potions of heal wounds
 g - 3 potions of might
 i - a potion of cancellation
 j - 2 potions of invisibility
 l - 23 potions of curing
 t - 2 potions of ambrosia
 z - 9 potions of lignification
 J - 3 potions of resistance
 Z - 5 potions of haste
Miscellaneous
 a - a piece from Xom's chessboard (15/15)
 c - a condenser vane
 o - a tin of tremorstones (1/2)
 y - a piece from Xom's chessboard (15/15)
 D - a lightning rod (4/4)
 N - a box of beasts
 U - a phial of floods


   Skills:
 + Level 20.1 Fighting
 + Level 20.1 Axes
 + Level 20.0 Armour
 + Level 18.6 Dodging
 + Level 18.5 Shields
 + Level 15.4 Evocations


You had 21 spell levels left.
You didn't know any spells.
Your spell library was empty.

Dungeon Overview and Level Annotations

Branches:
Dungeon (15/15)            Temple (0/1) D:4            Lair (6/6) D:10
  Swamp (4/4) Lair:2       Spider (4/4) Lair:2        Slime (0/5) Lair:5
    Orc (2/2) D:11            Elf (0/3) Orc:2        Vaults (5/5) D:14
  Crypt (0/3) Vaults:3     Depths (5/5) D:15            Zot (0/5) Depths:5
  Sewer (visited)

Altars:
Elyvilon
Fedhas
Gozag
Kikubaaqudgha
Nemelex Xobeh
Okawaru
Ru
Trog
Vehumet
Wu Jian
Xom
The Shining One

Shops:
D:2 [   D:3 =   Orc:2 ([*=   Vaults:1 =   Vaults:2 =(*?[   Vaults:3 *
Depths:1 ?   Depths:4 *

Portals:
Hell: Depths:1 Depths:2 Depths:3 Depths:4 Depths:5
Abyss: Depths:3 Depths:4 Depths:5
Pandemonium: Depths:1 Depths:3
Ziggurat: Depths:2

Annotations:
D:14 2 transporters, Pios Xaciraj's ghost, journeyman DgWz
Swamp:4 Lernaean hydra
Orc:1 2 transporters, Dienlag's ghost, novice OpMo
Vaults:3 3 runed translucent doors, exclusion: obsidian statue, Synox's ghost, legendary FoFi
Depths:1 3 runed translucent doors, Himmaryad's ghost, adept TrMo
Depths:3 3 runed translucent doors


Innate Abilities, Weirdness & Mutations

You have a pair of horns on your head.
You reflexively headbutt those who attack you in melee.


Message History

Trog appreciates your killing of a magic user.
The runic seals fade away.
The fiery explosion engulfs the iron dragon!
The iron dragon resists.
Trog accepts your kill. The fiery explosion engulfs you! You resist.
* * * LOW HITPOINT WARNING * * *
The fiery explosion engulfs the tentacled monstrosity!!
The tentacled monstrosity resists.
Flame seeps out of the tentacled monstrosity.
The tentacled monstrosity is moderately wounded.
The fiery explosion engulfs the storm dragon!!
Flame seeps out of the storm dragon.
The storm dragon is almost dead.
The iron dragon explodes!
The fiery explosion engulfs you! You resist.
* * * LOW HITPOINT WARNING * * *
The fiery explosion engulfs the storm dragon!!!
Trog accepts your kill.
The storm dragon scales are intact enough to wear.
The storm dragon explodes!
The fiery explosion engulfs you! You resist.
* * * LOW HITPOINT WARNING * * *
The vault warden explodes!
The sphinx explodes!
The fiery explosion engulfs the storm dragon!
Flame seeps out of the storm dragon.
The storm dragon is almost dead.
The fiery explosion engulfs the tentacled monstrosity.
The tentacled monstrosity resists.
Flame seeps out of the tentacled monstrosity.
The tentacled monstrosity is heavily wounded.
The fiery explosion engulfs you! You resist.
* * * LOW HITPOINT WARNING * * *
Your stone giant explodes!
The fiery explosion engulfs the tentacled monstrosity!!
The tentacled monstrosity resists.
Flame seeps out of the tentacled monstrosity.
The tentacled monstrosity is heavily wounded.
The fiery explosion engulfs you! You resist.
You die...

p..#....# .
#.c#....# .
#.##..#....# ..
.p..#....#...
............
#####D§§§§...##
..$..X°○○§§[...
.....§○@○○<....
.....§§○○○§....
.....§○○○§.....
####.§.§§....##
............#
.....#:...#...
.....D#....##..
####..#.c..# ..


You could see a tentacled monstrosity (inner flame), an ironbound preserver, 2
storm dragons, a vault warden, a yaktaur captain and a yaktaur.

Vanquished Creatures
  An ancient lich (Vaults:5)
  Sojobo (Depths:3)
  Margery (Vaults:2)
  2 caustic shrikes (Depths:3)
  3 golden dragons
  A bone dragon (Depths:4)
  Arachne (Spider:4)
  Jory (Depths:3)
  Jorgrun (Swamp:3)
  A tentacled monstrosity (Vaults:5)
  Rupert (D:14)
  2 liches
  Asterion (Spider:2)
  3 titans
  4 sphinxes
  2 tengu reavers
  5 storm dragons
  2 shadow dragons
  Kirke (Lair:5)
  Roxanne (Swamp:1)
  4 fire giants
  Donald (Swamp:1)
  5 iron dragons
  7 frost giants
  2 orc warlords
  4 ghost moths (Spider:4)
  2 deep elf sorcerers
  Louise (Swamp:1)
  11 vault wardens
  Aizul (Spider:2)
  2 balrugs
  2 draconian stormcallers (Depths:5)
  2 emperor scorpions (Spider:4)
  15 stone giants
  17 ironbound preservers
  A quicksilver ooze (shapeshifter) (Depths:2)
  A war gargoyle (Vaults:3)
  19 very ugly things
  3 green draconians
  2 vampire knights (Depths:3)
  3 spriggan defenders
  A yellow draconian (Depths:5)
  Azrael (D:15)
  A black draconian (Depths:5)
  2 entropy weavers
  13 dire elephants
  9 spark wasps
  7 bunyips
  A red draconian (Depths:5)
  A deep elf death mage (Vaults:3)
  A crystal guardian (Vaults:3)
  A quicksilver dragon zombie (D:15)
  3 eleionomae
  4 fire dragons
  A merfolk javelineer (Depths:1)
  A green death (Depths:1)
  2 merfolk impalers
  A shambling mangrove (Swamp:3)
  10 ettins
  Josephine (D:12)
  9 yaktaur captains
  8 great orbs of eyes
  Harold (D:9)
  2 spriggan air magi
  A hell beast (Depths:4)
  A rakshasa (Depths:1)
  A catoblepas (Lair:4)
  3 ghost crabs
  7 ironbound thunderhulks
  2 monstrous demonspawn
  25 hydras
  8 ice dragons
  9 ironbound frosthearts
  9 boulder beetles
  37 vault guards
  5 two-headed ogres
  11 centaur warriors
  A peacekeeper (Vaults:3)
  A death knight (D:14)
  5 tengu warriors
  A vampire mage (Depths:3)
  2 deep troll shamans
  2 alligators (Swamp:2)
  4 spriggan berserkers
  5 orc high priests
  12 ironbound beastmasters
  4 deep troll earth magi
  Urug (D:12)
  2 hell knights (Vaults:2)
  A soul eater (Depths:4)
  Sonja (Lair:5)
  A sun demon (Depths:3)
  Nergalle (Lair:1)
  An iron troll (Depths:1)
  5 skeletal warriors
  6 goliath frogs
  2 sixfirhies (Depths:1)
  A quicksilver dragon simulacrum (Depths:4)
  6 spriggan druids
  An infernal demonspawn (Depths:1)
  A bunyip zombie (Swamp:4)
  A gelid demonspawn (Depths:1)
  6 glowing orange brains
  48 deep trolls
  9 bog bodies
  A torturous demonspawn (Depths:3)
  13 swamp dragons
  2 flayed ghosts
  2 phantasmal warriors (Depths:3)
  13 ironbound convokers
  6 wizards
  2 bunyip skeletons (Swamp:4)
  A necromancer (D:15)
  6 lindwurms
  21 orb spiders
  6 orc knights
  16 wolf spiders
  5 will-o-the-wisps
  5 cyclopes
  8 orc sorcerers
  A manticore (D:12)
  A stone giant zombie (D:15)
  10 elephants
  4 moths of wrath (Spider:4)
  40 ugly things
  A rust devil (Depths:1)
  6 black mambas
  Maurice (D:13)
  11 vault sentinels
  An eye of devastation (shapeshifter) (Vaults:3)
  16 cane toads
  5 torpor snails
  2 orange demons (Depths:1)
  2 gargoyles
  An unseen horror (D:11)
  21 yaktaurs
  An efreet (D:14)
  12 demonic crawlers
  9 rime drakes
  5 tengu conjurers
  10 komodo dragons
  A freezing wraith (D:14)
  An ice devil (Depths:1)
  A meliai (shapeshifter) (D:15)
  A red devil (Depths:1)
  4 polar bears
  A polar bear (shapeshifter) (D:14)
  4 trolls
  6 tyrant leeches
  35 jumping spiders
  15 hornets
  A wind drake (shapeshifter) (D:15)
  22 blink frogs
  Prince Ribbit (D:7)
  32 slime creatures
  A slime creature (shapeshifter) (Depths:5)
  A deep troll skeleton (D:15)
  A meliai zombie (D:10)
  A ynoxinul (Depths:1)
  Sigmund (D:5)
  A human simulacrum (Vaults:1)
  3 shadows
  A spriggan skeleton (D:15)
  38 redbacks
  3 wraiths (D:12)
  11 spriggans
  34 tarantellas
  12 water elementals
  16 humans (D:14)
  A hog (Lair:5)
  40 yaks
  4 fire elementals (D:15)
  5 wyverns
  5 basilisks
  A steam dragon (D:6)
  13 vampire mosquitoes
  A chaos spawn (Depths:1)
  A neqoxec (Depths:1)
  6 wargs (Orc:2)
  15 swamp worms
  An acid dragon (D:12)
  13 water moccasins
  3 hell hounds (D:15)
  A floating eye (Depths:2)
  31 orc warriors
  A necrophage (D:8)
  2 sky beasts
  2 ice beasts
  2 hornet zombies (Swamp:4)
  3 black bears
  5 ogres
  7 swamp drakes (Swamp:4)
  14 wolves
  A boggart (shapeshifter) (Depths:4)
  5 boggarts
  14 centaurs
  A phantom (D:7)
  5 kobold brigands
  15 bullfrogs
  A gnoll sergeant (D:7)
  A glowing shapeshifter simulacrum (Vaults:1)
  3 scorpions
  3 killer bees (D:8)
  12 electric eels
  3 howler monkeys
  2 bullfrog zombies (D:6)
  2 centaur zombies
  2 gnoll shamans
  22 orc priests
  2 hounds
  A bullfrog skeleton (D:7)
  Crazy Yiuf (D:6)
  4 iguanas
  An iron imp (D:7)
  15 jellies
  21 orc wizards
  4 hell rats (Lair:3)
  3 howler monkey zombies
  A howler monkey skeleton (D:6)
  7 adders
  10 gnolls
  2 river rats (D:3)
  A white imp (D:7)
  An adder skeleton (D:4)
  2 worms
  3 dart slugs
  76 orcs
  7 ball pythons
  13 endoplasms
  6 giant cockroaches
  5 goblins
  6 hobgoblins
  11 jackals
  27 kobolds
  4 quokkas
  4 bats
  2 frilled lizards
  A goblin zombie (D:7)
  A hobgoblin zombie (D:7)
  A kobold skeleton (D:7)
  A kobold zombie (D:7)
  3 orc skeletons (D:7)
  An orc zombie (D:7)
  8 rats
1512 creatures vanquished.

Vanquished Creatures (collateral kills)
  A dread lich (Vaults:4)
  Frederick (Vaults:3)
  A sphinx (Depths:3)
  A tengu reaver (Depths:3)
  Gastronok (D:9)
  A storm dragon (Depths:3)
  3 frost giants
  An ironbound preserver (Vaults:3)
  4 hell knights (Vaults:2)
  A deep troll (Vaults:2)
  An ironbound convoker (Vaults:3)
  A vault sentinel (Vaults:2)
  A yaktaur (Vaults:3)
18 creatures vanquished.

Vanquished Creatures (others)
  A lich (Depths:2)
  A fire dragon (Depths:2)
  A torpor snail (Spider:1)
  A demonic crawler (Spider:2)
  4 bloated husks
  A jumping spider (Spider:4)
  A human (Lair:5)
  2 swamp worms
  An orc warrior (Orc:2)
  An orc priest (Orc:2)
  29 foxfires
  38 fungi
  157 plants
  7 toadstools (D:1)
  3 withered plants (D:15)
248 creatures vanquished.

Grand Total: 1778 creatures vanquished

Notes
Turn   | Place    | Note
-------+----------+-------------------------------------------
     0 | D:1      | dtburroughs the Minotaur Berserker began the quest for the
                  | Orb.
     0 | D:1      | Reached XP level 1. HP: 19/19 MP: 0/0
   311 | D:1      | Reached XP level 2. HP: 27/27 MP: 1/1
   698 | D:1      | Found a faded altar of an unknown god.
   917 | D:2      | Reached XP level 3. HP: 33/33 MP: 2/2
   922 | D:2      | Reached ** piety under Trog
   983 | D:2      | Found Ylax's Antique Armour Boutique.
  1728 | D:2      | Reached XP level 4. HP: 36/40 MP: 3/3
  2138 | D:3      | Found Luimuf's Jewellery Boutique.
  2210 | D:3      | Reached XP level 5. HP: 33/47 MP: 4/4
  2485 | D:3      | Reached *** piety under Trog
  2508 | D:3      | Found a glowing drain.
  2524 | Sewer    | Entered a sewer
  2745 | Sewer    | Reached skill level 5 in Fighting
  2745 | Sewer    | Reached skill level 5 in Axes
  2810 | Sewer    | Found a white marble altar of Elyvilon.
  3071 | D:3      | Reached XP level 6. HP: 56/56 MP: 5/5
  3908 | D:4      | Found an ancient bone altar of Kikubaaqudgha.
  4385 | D:4      | Found a staircase to the Ecumenical Temple.
  4434 | D:5      | Entered Level 5 of the Dungeon
  4527 | D:5      | Reached XP level 7. HP: 62/62 MP: 6/6
  4531 | D:5      | Reached skill level 5 in Armour
  4639 | D:5      | Reached **** piety under Trog
  5000 | D:5      | Reached skill level 5 in Dodging
  5369 | D:5      | Noticed Sigmund
  5383 | D:5      | Killed Sigmund
  5384 | D:5      | Reached XP level 8. HP: 71/71 MP: 5/7
  5623 | D:6      | Reached skill level 1 in Evocations
  6299 | D:6      | Found a runed translucent door.
  6300 | D:6      | Noticed Crazy Yiuf
  6406 | D:6      | Noticed a boulder beetle
  6462 | D:6      | Killed a boulder beetle
  6463 | D:6      | Reached XP level 9. HP: 76/81 MP: 5/8
  7600 | D:6      | Killed Crazy Yiuf
  8202 | D:7      | Found a shimmering altar of Xom.
  8202 | D:7      | Noticed Prince Ribbit
  8246 | D:7      | Killed Prince Ribbit
  8380 | D:7      | Found an iron altar of Okawaru.
  9007 | D:7      | Found a glowing golden altar of the Shining One.
  9010 | D:7      | Reached ***** piety under Trog
  9052 | D:7      | Reached XP level 10. HP: 81/91 MP: 9/9
  9493 | D:8      | Found a radiant altar of Vehumet.
  9514 | D:8      | Received a gift from Trog
 10298 | D:9      | Reached skill level 1 in Shields
 10458 | D:9      | Noticed Harold
 10472 | D:9      | Noticed Gastronok
 10476 | D:9      | Killed Harold
 10477 | D:9      | Reached skill level 5 in Evocations
 10489 | D:9      | Killed Gastronok
 10490 | D:9      | Reached skill level 10 in Fighting
 10490 | D:9      | Reached skill level 10 in Axes
 10490 | D:9      | Reached XP level 11. HP: 30/99 MP: 4/10
 10717 | D:9      | Noticed a two-headed ogre
 10726 | D:9      | Killed a two-headed ogre
 11075 | D:9      | Found an opulent altar of Gozag.
 11152 | D:9      | Found a bloodstained altar of Trog.
 11152 | D:9      | Found a sacrificial altar of Ru.
 11153 | D:9      | Found an ornate altar of the Wu Jian Council.
 11153 | D:9      | Found a white marble altar of Elyvilon.
 11229 | D:9      | Noticed a two-headed ogre
 11240 | D:9      | Killed a two-headed ogre
 11784 | D:10     | Entered Level 10 of the Dungeon
 12110 | D:10     | Found a staircase to the Lair.
 12363 | D:10     | Reached skill level 10 in Armour
 12608 | D:10     | Reached skill level 5 in Shields
 12867 | D:11     | Found the +4 skin of Zhor {*Englaciate rC+++ SInv}
 12871 | D:11     | Noticed a centaur warrior
 12902 | D:11     | Killed a centaur warrior
 13099 | D:11     | Found a staircase to the Orcish Mines.
 13309 | D:11     | Noticed a green ugly thing
 13320 | D:11     | Killed a green ugly thing
 13433 | D:11     | Noticed a two-headed ogre
 13443 | D:11     | Killed a two-headed ogre
 13808 | D:11     | Identified 3 scrolls of acquirement
 13812 | D:11     | Acquired the ring "Piteen" {rPois rC+ EV+4 Str+5}
 13818 | D:11     | Acquired the amulet "Ohedai" {rC+ Regen+ Int+4}
 13841 | D:11     | Reached XP level 12. HP: 110/110 MP: 11/11
 14034 | Lair:1   | Entered Level 1 of the Lair of Beasts
 14257 | Lair:1   | Reached skill level 10 in Dodging
 14454 | Lair:1   | Noticed Nergalle
 14462 | Lair:1   | Killed Nergalle
 14462 | Lair:1   | Received a gift from Trog
 15090 | Lair:2   | Noticed a boulder beetle
 15124 | Lair:2   | Killed a boulder beetle
 15315 | Lair:2   | Found a hole to the Spider Nest.
 15664 | Lair:2   | Found a staircase to the Swamp.
 16052 | Lair:3   | Reached XP level 13. HP: 111/118 MP: 12/12
 17556 | Lair:4   | Received a gift from Trog
 17658 | Lair:4   | Identified the ring of Beauty {rElec rCorr Slay+4}
 18045 | Lair:5   | Noticed Sonja
 18062 | Lair:5   | Killed Sonja
 18091 | Lair:5   | Found a staircase to the Slime Pits.
 18112 | Lair:5   | Noticed Kirke
 18131 | Lair:5   | Killed Kirke
 18712 | Lair:6   | Entered Level 6 of the Lair of Beasts
 18727 | Lair:6   | Reached XP level 14. HP: 84/129 MP: 13/13
 19314 | Lair:6   | Reached skill level 10 in Shields
 19968 | Lair:6   | Identified the +1 trident "Egg" {vamp, rN+}
 20390 | Lair:1   | Acquired 1270 gold pieces
 20521 | D:3      | Bought a ring of see invisible for 195 gold pieces
 20703 | Swamp:1  | Entered Level 1 of the Swamp
 20754 | Swamp:1  | Noticed Donald
 20764 | Swamp:1  | Killed Donald
 20894 | Swamp:1  | Noticed Roxanne
 21086 | Swamp:1  | Noticed Louise
 21107 | Swamp:1  | Killed Louise
 21383 | Swamp:1  | Killed Roxanne
 21458 | Swamp:2  | Received a gift from Trog
 22105 | Swamp:2  | Found an ancient bone altar of Kikubaaqudgha.
 22162 | Swamp:2  | Reached XP level 15. HP: 138/138 MP: 4/14
 22802 | Swamp:2  | Reached ****** piety under Trog
 22837 | Swamp:2  | Reached skill level 10 in Evocations
 23596 | Swamp:3  | Noticed Jorgrun
 23615 | Swamp:3  | Killed Jorgrun
 23895 | Swamp:4  | Entered Level 4 of the Swamp
 23948 | Swamp:4  | Received a gift from Trog
 24436 | Swamp:4  | Noticed the 27-headed Lernaean hydra
 25060 | Swamp:4  | Reached XP level 16. HP: 147/147 MP: 15/15
 25115 | Swamp:4  | Got a decaying rune of Zot
 25325 | Swamp:4  | Reached skill level 15 in Fighting
 25607 | Spider:1 | Entered Level 1 of the Spider Nest
 25651 | Spider:1 | Received a gift from Trog
 25748 | Spider:1 | Reached skill level 15 in Axes
 26386 | Spider:2 | Noticed Asterion
 26394 | Spider:2 | Noticed an Executioner
 26446 | Spider:2 | Killed Asterion
 26638 | Spider:2 | Reached skill level 15 in Armour
 26993 | Spider:3 | Noticed Aizul
 27009 | Spider:2 | Killed Aizul
 27206 | Spider:3 | Identified the +7 broad axe "Plog" {vorpal, rC+} (Trog
                  | gifted it to you on level 3 of the Spider Nest)
 27206 | Spider:3 | Received a gift from Trog
 27545 | Spider:3 | Identified the +6 long sword "Erragaux" {vorpal, rC++ Int+6
                  | Dex-4}
 27881 | Spider:4 | Entered Level 4 of the Spider Nest
 28739 | Spider:4 | Noticed Arachne
 28753 | Spider:4 | Killed Arachne
 28754 | Spider:4 | Reached XP level 17. HP: 66/157 MP: 3/16
 28977 | Spider:4 | Got a gossamer rune of Zot
 29038 | Spider:4 | Received a gift from Trog
 29111 | Spider:4 | Identified the +5 dire flail "Minotaur's Foe" {antimagic,
                  | Will+ Stlth+}
 30205 | Orc:1    | Entered Level 1 of the Orcish Mines
 30242 | Orc:1    | Found a transporter.
 30251 | Orc:1    | Noticed Dienlag's ghost (novice OpMo)
 30262 | Orc:1    | Found a transporter.
 30296 | Orc:1    | Received a gift from Trog
 30691 | Orc:2    | Entered Level 2 of the Orcish Mines
 30783 | Orc:2    | Found a staircase to the Elven Halls.
 30938 | Orc:2    | Paralysed by an orc sorcerer for 2 turns
 31266 | Orc:2    | Received a gift from Trog
 31441 | Orc:2    | Found Boyceofo's General Store.
 31442 | Orc:2    | Found Sidaj's Jewellery Emporium.
 31444 | Orc:2    | Found Hixtell's Antique Armour Emporium.
 31444 | Orc:2    | Found Sema's Antique Weapon Shoppe.
 32122 | D:12     | Noticed Urug
 32132 | D:12     | Killed Urug
 32427 | D:12     | Noticed Josephine
 32433 | D:12     | Killed Josephine
 32509 | D:12     | You fall into a shaft and drop 2 floors!
 32611 | D:14     | Reached skill level 15 in Dodging
 32698 | D:14     | Found a transporter.
 32718 | D:14     | Noticed Pios Xaciraj's ghost (journeyman DgWz)
 32761 | D:14     | Received a gift from Trog
 32917 | D:14     | Found a gate to the Vaults.
 32917 | D:14     | Noticed Rupert
 32929 | D:14     | Killed Rupert
 33166 | D:14     | Found a transporter.
 33366 | D:14     | Reached XP level 18. HP: 168/168 MP: 5/17
 34161 | D:13     | Noticed Maurice
 34165 | D:13     | Killed Maurice
 34680 | D:15     | Entered Level 15 of the Dungeon
 34955 | D:15     | Found a staircase to the Depths.
 34988 | D:15     | Noticed Azrael
 35009 | D:15     | Killed Azrael
 35009 | D:15     | Received a gift from Trog
 35914 | Vaults:1 | Entered Level 1 of the Vaults
 36485 | Vaults:1 | You fall into a shaft and drop 1 floor!
 36619 | Vaults:2 | Received a gift from Trog
 36914 | Vaults:2 | Found Gautorch's General Store.
 37094 | Vaults:2 | Bought a scroll of teleportation for 60 gold pieces
 37121 | Vaults:2 | Found Gihy's Antique Weapon Boutique.
 37151 | Vaults:2 | You fall into a shaft and drop 2 floors!
 37420 | Vaults:4 | Identified the +5 hunting sling of Guilt {freeze, rPois}
 37736 | Vaults:3 | Reached skill level 15 in Shields
 38071 | Vaults:3 | Noticed Frederick
 38082 | Vaults:3 | Killed Frederick
 38228 | Vaults:2 | Reached XP level 19. HP: 81/177 MP: 6/18
 38697 | Vaults:2 | You fall into a shaft and drop 2 floors!
 38813 | Vaults:4 | Received a gift from Trog
 41248 | Vaults:1 | Found Citefrael's Jewellery Emporium.
 42157 | Vaults:2 | Found Figokhea's Armour Emporium.
 42162 | Vaults:2 | Noticed Margery
 42190 | Vaults:2 | Killed Margery
 42190 | Vaults:2 | Received a gift from Trog
 42356 | Vaults:2 | Found Qenaitz's Magic Scroll Shoppe.
 42364 | Vaults:2 | Bought a scroll of identify for 30 gold pieces
 42364 | Vaults:2 | Bought a scroll of identify for 30 gold pieces
 42364 | Vaults:2 | Bought a scroll of identify for 30 gold pieces
 42364 | Vaults:2 | Bought a scroll of identify for 30 gold pieces
 42364 | Vaults:2 | Bought a scroll of teleportation for 45 gold pieces
 42364 | Vaults:2 | Bought a scroll of teleportation for 45 gold pieces
 42364 | Vaults:2 | Bought a scroll of fog for 30 gold pieces
 42364 | Vaults:2 | Bought a scroll of acquirement for 780 gold pieces
 42364 | Vaults:2 | Bought a scroll of summoning for 142 gold pieces
 42364 | Vaults:2 | Bought 2 scrolls of fog for 60 gold pieces
 42740 | Vaults:2 | Found Celoacuomn's Jewellery Shop.
 43157 | Vaults:3 | Found a staircase to the Crypt.
 44350 | Vaults:3 | Found a runed translucent gate.
 44350 | Vaults:3 | Found a runed translucent gate.
 44350 | Vaults:3 | Found a runed translucent gate.
 44351 | Vaults:3 | Found an opulent altar of Gozag.
 44352 | Vaults:3 | Noticed Synox's ghost (legendary FoFi)
 44354 | Vaults:3 | Found Uguqes's Assorted Antiques.
 44647 | Vaults:3 | Reached XP level 20. HP: 124/187 MP: 6/19
 44697 | Vaults:3 | Received a gift from Trog
 45251 | Vaults:3 | Identified the +1 plate armour "Oggyrus" {Int+6}
 48049 | Lair:1   | Acquired 371 gold pieces
 48165 | Depths:1 | Entered Level 1 of the Depths
 48211 | Depths:1 | Received a gift from Trog
 48765 | Depths:1 | Found a gateway to Hell.
 49267 | Depths:1 | Found a runed translucent gate.
 49268 | Depths:1 | Found a runed translucent gate.
 49269 | Depths:1 | Found a runed translucent gate.
 49275 | Depths:1 | Noticed Himmaryad's ghost (adept TrMo)
 49775 | Depths:1 | Found a one-way gate leading to the halls of Pandemonium.
 49917 | Depths:1 | Found Zaum's Magic Scroll Boutique.
 49925 | Depths:1 | Bought a scroll of fog for 44 gold pieces
 49925 | Depths:1 | Bought a scroll of enchant weapon for 165 gold pieces
 49925 | Depths:1 | Bought a scroll of magic mapping for 77 gold pieces
 49925 | Depths:1 | Bought a scroll of teleportation for 66 gold pieces
 49925 | Depths:1 | Bought a scroll of enchant armour for 165 gold pieces
 49925 | Depths:1 | Bought a scroll of summoning for 209 gold pieces
 50247 | Depths:1 | Identified the +5 scale mail "Ystrigerr" {rN+ Int+4}
 50334 | Depths:2 | You fall into a shaft and drop 2 floors!
 50403 | Depths:3 | Paralysed by a great orb of eyes for 7 turns
 50899 | Depths:2 | Found a gateway to a ziggurat.
 50916 | Depths:3 | Reached XP level 21. HP: 111/196 MP: 6/20
 51337 | Depths:2 | Paralysed by a floating eye for 3 turns
 51342 | Depths:2 | Paralysed by a floating eye for 2 turns
 51350 | Depths:2 | Paralysed by a floating eye for 2 turns
 51585 | Depths:2 | Found a blossoming altar of Fedhas.
 51656 | Depths:2 | Identified the +6 chain mail of the Gravedigger {Rampage
                  | rPois rF+ rCorr}
 52000 | Depths:2 | Identified the +6 spear "Suakhlif" {vorpal, Fragile +Blink
                  | Int+4}
 52121 | Depths:2 | Found a sparkling altar of Nemelex Xobeh.
 52206 | Depths:3 | Found a one-way gate to the infinite horrors of the Abyss.
 52469 | Depths:3 | Noticed a caustic shrike
 52478 | Depths:3 | Killed a caustic shrike
 52666 | Depths:3 | Noticed Jory
 52675 | Depths:3 | Killed Jory
 52759 | Depths:3 | Found a runed translucent gate.
 52759 | Depths:3 | Found a runed translucent gate.
 52759 | Depths:3 | Found a runed translucent gate.
 52776 | Depths:3 | Found a runed translucent gate.
 52776 | Depths:3 | Found a runed translucent gate.
 52776 | Depths:3 | Found a runed translucent gate.
 52795 | Depths:3 | Noticed a caustic shrike
 52805 | Depths:3 | Killed a caustic shrike
 52816 | Depths:3 | Noticed Sojobo
 52833 | Depths:3 | Killed Sojobo
 53064 | Depths:3 | Identified the +3 leather armour "Gogischus" {Harm Rampage
                  | rC- Dex+4}
 53540 | Depths:3 | Identified the +0 plate armour of Grace {Contam rPois rF+}
 53545 | Depths:3 | Identified the amulet of Trepidation {Fragile Regen+ Str+8}
 54424 | Depths:4 | Found Keavvoq's Assorted Antiques.
 54538 | Depths:4 | Bought a potion of curing for 111 gold pieces
 54538 | Depths:4 | Bought a potion of curing for 111 gold pieces
 54587 | Depths:4 | Noticed a golden dragon
 54605 | Depths:4 | Killed a golden dragon
 54631 | Depths:4 | Received a gift from Trog
 55002 | Depths:4 | Reached XP level 22. HP: 174/206 MP: 7/21
 55409 | Depths:4 | Noticed a golden dragon
 55427 | Depths:4 | Killed a golden dragon
 55440 | Depths:4 | Reached skill level 15 in Evocations
 56461 | Depths:5 | Entered Level 5 of the Depths
 56586 | Depths:5 | Found a gate to the Realm of Zot.
 56586 | Depths:5 | Noticed a golden dragon
 56613 | Depths:5 | Killed a golden dragon
 57640 | Depths:5 | Received a gift from Trog
 57754 | Depths:5 | Found a radiant altar of Vehumet.
 58608 | Vaults:5 | Entered Level 5 of the Vaults
 58609 | Vaults:5 | Noticed a dread lich
 58673 | Vaults:5 | Noticed an ancient lich
 58682 | Vaults:4 | Killed a dread lich
 58727 | Vaults:5 | Killed an ancient lich
 58727 | Vaults:5 | HP: 9/209 [spore (7)]
 58727 | Vaults:5 | Killed by an exploding stone giant... ignited by their
                  | inner flame

Illustrated notes

Levels and vault maps discovered:
D:1:      nagdon_arrival_double_spiral, layout_rooms,
          shapermc_ecumenical_altar_flowoftime
D:2:      layout_basic, serial_shops, shop, grunt_decor_fettered,
          minmay_randomly_rotated_circles
D:3:      layout_basic, serial_shops, shop, portal_sewer_entry_e
D:4:      layout_gridville, mainiacjoe_overflow_small_starburst,
          minmay_temple_entry_antechambers
D:5:      black_bear_nest_1, layout_basic, uniq_sigmund
D:6:      minmay_chambers_of_sixes, layout_cave_pods, uniq_crazy_yiuf_cottage
D:7:      layout_basic, nicolae_tso_besieged_by_evil,
          grunt_temple_overflow_open, uniq_prince_ribbit1
D:8:      layout_rooms, mainiacjoe_overflow_alcove_2,
          corexii_hall_statues_deadend
D:9:      layout_stronghold, chequers_temple_overflow_statue_of_worship,
          nicolae_gozag_seed_capital, uniq_gastronok, uniq_harold
D:10:     layout_irregular_city, david_lair_shrubbed
D:11:     layout_cross, david_orc_3, portal_ice_cave_rime,
          hellmonk_guarded_unrand_zhor
D:12:     layout_roguey, corner_web_ring, minmay_misc_feat_roman, uniq_urug,
          uniq_josephine
D:13:     layout_rooms, uniq_maurice
D:14:     layout_basic, david_vaults_3, gammafunk_ghost_berserking_beasts,
          minmay_misc_feat_more_columns, serial_bayou, serial_bayou_shore_b,
          serial_bayou_shore_a, serial_bayou_pond_b, serial_bayou_lagoon_a,
          serial_bayou_shore_b
D:15:     gammafunk_depths_entry_grave, layout_loops_cross,
          hangedman_decor_clover_reticule, hangedman_decor_opposing,
          nrook_uturn, uniq_azrael
Lair:1:   layout_gridlike, uniq_nergalle
Lair:2:   layout_cave_pods, swamp_mist, nicolae_spider_entry_orb_guardian,
          nicolae_quartered_pool_little
Lair:3:   layout_big_grid, kennysheep_basilisk_garden
Lair:4:   nzn_winding_woodlands_stair_trap [nzn_winding_woodlands_5x15_cabin,
          nzn_winding_woodlands_5x15_split_checker,
          nzn_winding_woodlands_5x15_parted,
          nzn_winding_woodlands_15x15_five_gardens,
          nzn_winding_woodlands_5x15_pockets,
          nzn_winding_woodlands_5x15_sidewinder,
          nzn_winding_woodlands_5x15_twine], layout_regular_city,
          kilobyte_rumbling_trees
Lair:5:   layout_small_grid, minmay_slime_entry_jelly_boxes, uniq_kirke,
          uniq_sonja
Lair:6:   minmay_lair_end_frog_pond, layout_layer_cave, minivault_26
Swamp:1:  layout_falls_marsh, evilmike_swamp_ruin_wall, uniq_louise,
          uniq_donald, uniq_roxanne
Swamp:2:  layout_basic_swamp, nicolae_swamp_treefoil, grunt_ruined_hall
Swamp:3:  layout_falls_marsh, evilmike_swamp_ruin_house_3, swamp_pool1,
          uniq_jorgrun
Swamp:4:  swamp_old_school, layout_basic_swamp, beargit_kiku_chapel,
          infiniplex_staircase_pool
Spider:1: layout_spider_delve
Spider:2: layout_spider_delve, uniq_asterion
Spider:3: layout_spider_delve, uniq_aizul
Spider:4: johnstein_spider_rune_arachne_lair
Orc:1:    layout_diamond_mine, gammafunk_ghost_stat_death,
          statue_in_the_mist_lemuel
Orc:2:    st_orc_congregation, layout_caves, mines5_lemuel
Vaults:1: ontoclasm_vaults_twist, v_misc_18, nicolae_vaults_holding_cells,
          v_rooms_2, nicolae_vaults_alarming, v_misc_19, vaults_room_hallway,
          nicolae_vaults_little_ls, v_misc_29, v_misc_14, grunt_vaults_diagonal,
          vaults_mumra_minichess, nicolae_vaults_yaktaur_gun_rack, serial_ice_g,
          layout_vaults_big_room, serial_shops, nicolae_lakefront_shop
Vaults:2: vaults_dpeg_spiral, vaults_room_stairs_pillars, v_misc_15,
          ontoclasm_vaults_idyll, nicolae_vaults_disjoint_gnomons,
          nicolae_vaults_network_barrier, v_misc_28, v_misc_9,
          hangedman_vaults_stagger, v_misc_9, grunt_vaults_hallway_short,
          st_lattice, layout_vaults_big_cross, serial_shops, shop,
          shop_fountains, shop_fountains,
          nicolae_shop_temple_entry_statues_fountains, shop_statue, uniq_margery
Vaults:3: ebering_vaults_ghost_gozag, v_misc_11, vaults_dpeg_cross,
          ontoclasm_vaults_ring_square, vaults_room_pool, nicolae_vaults_big_ls,
          vaults_room_corners, vaults_dpeg_ring, layout_vaults_quadrants,
          dummy_crypt_entry, uniq_frederick
Vaults:4: v_misc_27, v_pattern_5, nicolae_vaults_network_star,
          ontoclasm_vaults_ring_small, v_misc_10, v_misc_23,
          vaults_room_door_hall, ontoclasm_vaults_decontamination,
          nicolae_vaults_three_branches, nicolae_vaults_theta,
          vaults_dpeg_diagonal, layout_vaults_omnibox
Vaults:5: serial_shops, uniq_mennas
Depths:1: layout_cave_pools, grunt_pan_entry_spiral, serial_shops, shop,
          eino_curves_03, hell_entry, ebering_ghost_rock_garden,
          hangedman_decor_points, kennysheep_four_rooms
Depths:2: minmay_the_grid_four_pointed_star_mashed
          [minmay_the_grid_triangle_9x9_wacky_v,
          minmay_the_grid_triangle_9x9_from_above,
          minmay_the_grid_triangle_9x9_shrine,
          minmay_the_grid_triangle_9x9_negative_grid,
          minmay_the_grid_prize_shrinking_boxes], layout_cave_pools,
          enter_ziggurat_b, hangedman_abyss_or_decor_slice, pf_coc_iceberg,
          minmay_misc_feat_alley, nemelex_diamond_rough_becter,
          infiniplex_staircase_pool_2, serial_bayou_shore_b, firewood_loft
Depths:3: kennysheep_treasure_stockpile, layout_gridlike,
          rand_demon_pan_entry_5, hell_entry, abyss_entry,
          chequers_serial_rivers_micro_a, infiniplex_staircase_trident,
          uniq_jory, uniq_sojobo
Depths:4: minmay_textured_paths, layout_long_grid, grunt_mini_vestibule,
          serial_bayou_ford_a, serial_shops, nicolae_shop_waterfront,
          abyss_entry, infiniplex_staircase_zigzag_5
Depths:5: grunt_zot_entry_tricorne, layout_cave_pools, fiery_altar_vehumet,
          abyss_entry_small_statue_room, hell_entry

Skill      XL: |  1  2  3  4  5  6  7  8  9 10 11 12 13 14 15 16 17 18 19 20 21 22 |
---------------+-------------------------------------------------------------------+-----
Fighting       | 4 5 6 8 9 10 11 12 13 14 15 16 17 18 19 20 | 20.1
Axes           | 4 5 6 8 10 11 12 13 14 15 16 17 18 19 20 | 20.1
Armour         | 3 4 5 7 8 9 10 11 12 13 14 15 16 17 18 19 20 | 20.0
Dodging        | 3 4 5 6 7 8 9 10 11 12 13 14 15 16 17 18 | 18.6
Evocations     | 2 4 5 6 7 8 9 10 11 12 13 14 15 | 15.4
Shields        | 3 6 8 9 11 12 13 14 15 16 17 18 | 18.5

Action                   |  1- 3 |  4- 6 |  7- 9 | 10-12 | 13-15 | 16-18 | 19-21 | 22-24 || total
-------------------------+-------+-------+-------+-------+-------+-------+-------+-------++-------
Melee: Hand axe          |    51 |   159 |   192 |       |       |       |       |       ||   402
       Headbutt          |     9 |    40 |    65 |   112 |   238 |   401 |   485 |   111 ||  1461
       Battleaxe         |       |       |    56 |   448 |   389 |       |       |       ||   893
       War axe           |       |       |    19 |       |       |       |       |       ||    19
       Broad axe         |       |       |       |       |   417 |  1288 |  1307 |   305 ||  3317
Invok: Berserk           |       |     1 |     4 |     3 |     2 |     4 |     1 |       ||    15
       Trog's Hand       |       |     1 |     2 |     1 |     1 |     4 |    10 |     3 ||    22
       Brothers in Arms  |       |       |       |     1 |       |     4 |     3 |     2 ||    10
Evoke: Wand              |       |       |       |     6 |    27 |    44 |     8 |     4 ||    89
       Lightning rod     |       |       |       |       |       |       |     4 |       ||     4
       Tin of tremorston |       |       |       |       |       |       |       |     2 ||     2
       Piece from Xom's  |       |       |       |       |       |       |       |     1 ||     1
  Use: Scroll            |       |     5 |       |     8 |    15 |    11 |    11 |     2 ||    52
       Potion            |       |     1 |       |       |     2 |     2 |     6 |     1 ||    12
 Stab: Sleeping          |       |     2 |       |       |       |       |       |       ||     2
       Paralysed         |       |       |       |     2 |     1 |     2 |       |       ||     5
       Distracted        |       |       |       |       |       |     1 |     2 |       ||     3
       Confused          |       |       |       |       |       |       |       |     3 ||     3
Armor: Animal skin       |    13 |     1 |       |       |       |       |       |       ||    14
       Scale mail        |       |    76 |    45 |       |       |       |       |       ||   121
       Chain mail        |       |       |    76 |       |       |       |       |       ||    76
       Plate armour      |       |       |    50 |   418 |   582 |   601 |   385 |       ||  2036
       Gold dragon scale |       |       |       |       |       |       |    12 |   173 ||   185
Dodge: Dodged            |    51 |    87 |   137 |   311 |   679 |   956 |   597 |   181 ||  2999
Block: Tower shield      |       |       |       |       |   314 |       |       |       ||   314
       Buckler           |       |       |       |       |    54 |   874 |   834 |   243 ||  2005
       Reflection        |       |       |       |       |       |    23 |    35 |     3 ||    61
